[Event "Titled Tuesday Blitz February 28 Early 2023"]
[White "Fiedorek, Michal"]
[Black "Vlassov, Nikolai"]
[WhiteFideId "1199528"]
[BlackFideId "4103360"]
[WhiteElo "2135"]
[BlackElo "2324"]
[Result "1-0"]
[Round "04"]
[TimeControl "180+2"]
[Date "2023.02.28"]
[WhiteClock "0:00:46"]
[BlackClock "0:00:13"]

1. e4 c5 2. Nf3 d6 3. Bb5+ Nd7 4. O-O a6 5. Bd3 Ne5 6. Nxe5 dxe5 7. b3 Nf6 8. a4 b6 9. Na3 Bb7 10. Re1 e6 11. Nc4 Nd7 12. Bb2 f6 13. Qg4 Kf7 14. f4 exf4 15. Qxf4 Qb8 16. e5 Be7 17. Qf2 b5 18. exf6 Bxf6 19. Ne5+ Nxe5 20. Bxe5 Qc8 21. axb5 axb5 22. Rxa8 Bxa8 23. Bxb5 Rf8 24. Bc4 Bd5 25. Bxd5 exd5 26. Bxf6 gxf6 27. Qf3 Qc6 28. Qh5+ Kg8 29. Re7 1-0


[Site "https://www.chess.com"]

[Event "Titled Tuesday Blitz February 28 Early 2023"]
[White "Seemann, Jakub"]
[Black "Mohammed, Zozek Salah Mohammed"]
[WhiteFideId "21874697"]
[BlackFideId "4803361"]
[WhiteElo "2364"]
[BlackElo "2211"]
[Result "1-0"]
[Round "04"]
[TimeControl "180+2"]
[Date "2023.02.28"]
[WhiteClock "0:02:05"]
[BlackClock "0:00:01"]

1. g3 d5 2. Bg2 c5 3. b3 Nc6 4. Bb2 Nf6 5. d3 e5 6. e3 Bd6 7. Ne2 O-O 8. Nd2 Bg4 9. h3 Bh5 10. g4 Bg6 11. f4 exf4 12. exf4 h6 13. f5 Bh7 14. O-O Bc7 15. Nf3 Qd6 16. Qd2 Rfe8 17. Rae1 d4 18. Bc1 Nd5 19. Qd1 Ne3 20. Bxe3 Rxe3 21. Nc1 Rae8 22. Rxe3 Rxe3 23. Re1 Ne5 24. Rxe3 dxe3 25. Qe2 Nxf3+ 26. Qxf3 Qe5 27. Qe4 g6 28. Qxe5 Bxe5 29. Be4 gxf5 30. gxf5 Kg7 31. Kg2 Kf6 32. Kf3 Bxf5 33. Kxe3 Bxh3 34. Bxb7 Be6 35. Ne2 h5 36. Nf4 Bd4+ 37. Kf3 Bg4+ 38. Kg2 Kg5 39. Nd5 h4 40. c3 h3+ 41. Kh1 Be5 42. Ne3 Be2 43. Be4 Bxc3 44. Kh2 Kh4 45. Nf5+ Kg4 46. Nh6+ Kh4 47. Nxf7 1-0


[Site "https://www.chess.com"]

[Event "Titled Tuesday Blitz February 28 Early 2023"]
[White "Klose, Eli"]
[Black "Boraso, Alessio"]
[WhiteFideId "16242955"]
[BlackFideId "848077"]
[WhiteElo "2613"]
[BlackElo "2286"]
[Result "1-0"]
[Round "04"]
[TimeControl "180+2"]
[Date "2023.02.28"]
[WhiteClock "0:00:38"]
[BlackClock "0:00:02"]

1. e4 c5 2. Nc3 Nc6 3. g3 g6 4. d3 Bg7 5. Bg2 d6 6. Be3 e6 7. Qd2 Nd4 8. Nd1 h5 9. c3 Nc6 10. h3 Nge7 11. Ne2 b6 12. O-O Bb7 13. f4 Qd7 14. d4 cxd4 15. Nxd4 Nxd4 16. Bxd4 O-O 17. Bxg7 Kxg7 18. Ne3 Rad8 19. f5 exf5 20. exf5 Ng8 21. Bxb7 Qxb7 22. Nd5 Rde8 23. f6+ Kh7 24. Rae1 Re6 25. c4 Rfe8 26. Rxe6 Rxe6 27. Qd3 b5 28. cxb5 Re5 29. Rd1 Qc8 30. a4 Qxh3 31. Nf4 Qg4 32. Rd2 Nxf6 33. Kg2 h4 34. Qf3 Qxg3+ 35. Qxg3 hxg3 36. Rxd6 Kg7 37. Ra6 Re4 38. Kxg3 Re3+ 39. Kf2 Re7 40. a5 Ne4+ 41. Kg2 Nc5 42. Rc6 Na4 43. b3 1-0


[Site "https://www.chess.com"]

[Event "Titled Tuesday Blitz February 28 Early 2023"]
[White "Ambartsumova, Karina"]
[Black "Alahakoon, Isuru"]
[WhiteFideId "4166299"]
[BlackFideId "9900993"]
[WhiteElo "2319"]
[BlackElo "1995"]
[Result "1-0"]
[Round "04"]
[TimeControl "180+2"]
[Date "2023.02.28"]
[WhiteClock "0:00:54"]
[BlackClock "0:00:05"]

1. e4 d5 2. exd5 Nf6 3. Bb5+ Bd7 4. Be2 Nxd5 5. d4 g6 6. Nf3 Bg7 7. O-O O-O 8. c4 Nf6 9. Nc3 Bg4 10. h3 Bxf3 11. Bxf3 Nc6 12. d5 Ne5 13. Be2 Re8 14. Bf4 Nfd7 15. Be3 Nb6 16. Bd4 e6 17. f4 Ned7 18. dxe6 Bxd4+ 19. Qxd4 Rxe6 20. c5 Nc8 21. Rad1 Re7 22. f5 f6 23. Bc4+ Kg7 24. Be6 c6 25. Bxd7 Qc7 26. fxg6 hxg6 27. Qxf6+ 1-0


[Site "https://www.chess.com"]

[Event "Titled Tuesday Blitz February 28 Early 2023"]
[White "Pinheiro, Iung Alicio de O."]
[Black "Prudnykova, Olga"]
[WhiteFideId "2104350"]
[BlackFideId "14121093"]
[WhiteElo "2283"]
[BlackElo "2174"]
[Result "1-0"]
[Round "04"]
[TimeControl "180+2"]
[Date "2023.02.28"]
[WhiteClock "0:00:14"]
[BlackClock "0:00:10"]

1. e4 c5 2. Nf3 Nf6 3. Nc3 e6 4. g3 b6 5. Bg2 Bb7 6. d3 d5 7. e5 Nfd7 8. O-O a6 9. Re1 Nc6 10. h4 Be7 11. Bf4 Qc7 12. Nxd5 exd5 13. e6 Qd8 14. exf7+ Kxf7 15. Ng5+ Bxg5 16. Bxd5+ Kg6 17. Qg4 h5 18. Bf7+ Kxf7 19. Qe6+ Kf8 20. hxg5 g6 21. Qxg6 Rc8 22. Bd6+ Ne7 23. Rxe7 Qxe7 24. Re1 Re8 25. Rxe7 Rxe7 26. Bxe7+ Kxe7 27. Qg7+ Kd6 28. Qxh8 Ne5 29. Qxh5 Nf3+ 30. Kf1 Ne5 31. f4 Nd7 32. Qh6+ 1-0


[Site "https://www.chess.com"]

[Event "Titled Tuesday Blitz February 28 Early 2023"]
[White "Melikhov, Evgeny V."]
[Black "Koellner, Ruben Gideon"]
[WhiteFideId "4122046"]
[BlackFideId "12993093"]
[WhiteElo "2158"]
[BlackElo "2303"]
[Result "1/2-1/2"]
[Round "04"]
[TimeControl "180+2"]
[Date "2023.02.28"]
[WhiteClock "0:00:12"]
[BlackClock "0:00:07"]

1. d4 d6 2. e4 Nf6 3. Bd3 e5 4. d5 Be7 5. c4 O-O 6. Nc3 a5 7. f3 Nbd7 8. Be3 b6 9. Qd2 Nc5 10. Bc2 Bd7 11. Nb5 Nh5 12. O-O-O Bxb5 13. cxb5 h6 14. Ne2 Bg5 15. g4 Nf4 16. Nxf4 exf4 17. Bxf4 Bxf4 18. Qxf4 Qg5 19. Qxg5 hxg5 20. h4 f6 21. h5 Kf7 22. b3 Nd7 23. Bd3 Ne5 24. Be2 Rh8 25. Kd2 Ke7 26. Rc1 Kd7 27. Ke3 g6 28. f4 gxf4+ 29. Kxf4 g5+ 30. Ke3 Rh6 31. Kd4 Ra7 32. Rhf1 Ke7 33. Rc2 Kd7 34. a3 Kd8 35. Ra1 Kd7 36. Rca2 Rh8 37. Rf1 Rh6 38. Raa1 Kd8 39. Rf2 Kd7 40. Raf1 Ke7 41. Rc1 Kd7 42. Rcf1 Ke7 43. Rc1 Nd7 44. Rcf1 Rh8 45. Bd3 Rh6 46. Ke3 Ne5 47. Be2 Nd7 48. Bd3 Nc5 49. Bc2 Nd7 50. Bd3 1/2-1/2


[Site "https://www.chess.com"]

[Event "Titled Tuesday Blitz February 28 Early 2023"]
[White "Lopez Del Alamo, Antonio"]
[Black "Janaszak, Dawid"]
[WhiteFideId "2227339"]
[BlackFideId "1119206"]
[WhiteElo "2175"]
[BlackElo "2220"]
[Result "1-0"]
[Round "04"]
[TimeControl "180+2"]
[Date "2023.02.28"]
[WhiteClock "0:00:11"]
[BlackClock "0:00:17"]

1. e4 g6 2. d4 Bg7 3. c4 c5 4. d5 d6 5. Nc3 Nf6 6. Nf3 O-O 7. Be2 Bg4 8. O-O e6 9. h3 Bxf3 10. Bxf3 exd5 11. cxd5 Nfd7 12. a4 Na6 13. Be2 Nb4 14. Bc4 Ne5 15. Be2 c4 16. Be3 Ned3 17. Rb1 Re8 18. Qd2 a6 19. Bxd3 cxd3 20. Nd1 Qa5 21. b3 Rxe4 22. Nb2 Qxd5 23. Nc4 b5 24. Nb6 Qb7 25. Nxa8 Qxa8 26. Rfe1 Nc2 27. Red1 Nxe3 28. fxe3 Bh6 29. Qxd3 Bxe3+ 30. Kh1 Bc5 31. axb5 axb5 32. Qd5 Qe8 33. Ra1 Kg7 34. Rf1 Qe7 35. Rxf7+ Qxf7 36. Qxe4 h5 37. b4 Bb6 38. Rd1 Qf2 39. Qd5 Be3 40. Qxd6 Bf4 41. Qd4+ Qxd4 42. Rxd4 Bg5 43. Rd5 Kf6 44. Rxb5 Be3 45. Rb7 Ke6 46. g3 Bd4 47. b5 Kd6 48. Kg2 Kc5 49. Kf3 Be5 50. g4 hxg4+ 51. hxg4 g5 52. Ke4 Bf4 53. Kf5 Bd2 54. Rg7 Kxb5 55. Rxg5 Kc6 56. Rg6+ Kd7 57. Re6 Bh6 58. Re2 Bc1 59. g5 Ba3 60. Kf6 Bf8 61. Kf7 Bc5 62. g6 Bd4 1-0


[Site "https://www.chess.com"]

[Event "Titled Tuesday Blitz February 28 Early 2023"]
[White "Burke, John F"]
[Black "Djokic, Mihailo"]
[WhiteFideId "2052970"]
[BlackFideId "976440"]
[WhiteElo "2225"]
[BlackElo "2294"]
[Result "1-0"]
[Round "04"]
[TimeControl "180+2"]
[Date "2023.02.28"]
[WhiteClock "0:00:44"]
[BlackClock "0:00:26"]

1. d4 Nf6 2. c4 g6 3. Nc3 Bg7 4. e4 d6 5. f3 O-O 6. Nge2 Nc6 7. Be3 a6 8. Nc1 e5 9. Nb3 exd4 10. Nxd4 Nxd4 11. Bxd4 Rb8 12. Be2 Be6 13. O-O Nh5 14. Bxg7 Kxg7 15. Qd4+ Qf6 16. Qxf6+ Kxf6 17. g3 Ke7 18. Kg2 Nf6 19. Rad1 Nd7 20. Rd2 f5 21. f4 fxe4 22. Nxe4 b5 23. cxb5 axb5 24. Rc1 Rb7 25. Bf3 Ra7 26. Ng5 Bxa2 27. Re2+ Kd8 28. Nxh7 Re8 29. Rce1 Rxe2+ 30. Rxe2 Bc4 31. Rd2 Ra2 32. Be4 Nc5 33. Bb1 Nb3 34. Rf2 Ra1 35. Bxg6 Bd5+ 36. Kh3 Nd4 37. f5 Be4 38. Ng5 d5 39. Nxe4 dxe4 40. f6 e3 41. f7 Ne6 42. Re2 Rf1 43. Rxe3 Ng5+ 44. Kg2 Rf6 45. Re8+ Kd7 46. f8=Q Rxf8 47. Rxf8 1-0


[Site "https://www.chess.com"]

[Event "Titled Tuesday Blitz February 28 Early 2023"]
[White "Kopczynski, Michal"]
[Black "Kuchava, Ana"]
[WhiteFideId "1124200"]
[BlackFideId "13605348"]
[WhiteElo "2212"]
[BlackElo "2001"]
[Result "1-0"]
[Round "04"]
[TimeControl "180+2"]
[Date "2023.02.28"]
[WhiteClock "0:02:03"]
[BlackClock "0:00:05"]

1. e4 c5 2. d4 cxd4 3. c3 Nf6 4. Bd3 Nc6 5. f4 dxc3 6. Nxc3 d6 7. Nf3 g6 8. O-O Bg7 9. Kh1 O-O 10. Qe1 a6 11. Be3 b5 12. Rd1 Qc7 13. Qh4 Bb7 14. Ng5 h6 15. Nf3 Nb4 16. Bb1 Rac8 17. a3 Nc6 18. f5 g5 19. Bxg5 hxg5 20. Nxg5 Ne5 21. Ba2 Nc4 22. Rd3 Qc5 23. Rg3 Nxb2 24. Nxf7 Rxf7 25. Qh6 1-0


[Site "https://www.chess.com"]

[Event "Titled Tuesday Blitz February 28 Early 2023"]
[White "Shuvalov, Evgenij"]
[Black "Grigorov, Grigor"]
[WhiteFideId "4187237"]
[BlackFideId "2907313"]
[WhiteElo "2080"]
[BlackElo "2510"]
[Result "0-1"]
[Round "04"]
[TimeControl "180+2"]
[Date "2023.02.28"]
[WhiteClock "0:00:43"]
[BlackClock "0:00:57"]

1. e4 c6 2. Nf3 d5 3. Nc3 dxe4 4. Nxe4 Nf6 5. Ng3 h5 6. Be2 h4 7. Nf1 h3 8. g3 c5 9. Ne3 Nc6 10. d3 b6 11. O-O Bb7 12. c3 g6 13. Re1 Bg7 14. Bf1 Qd7 15. Ng5 Ne5 16. f4 Qc6 17. Bxh3 Qh1+ 18. Kf2 Qxh2+ 19. Bg2 Bxg2 20. Nxg2 Nfg4+ 21. Qxg4 Nxg4+ 22. Kf3 Qh5 0-1


[Site "https://www.chess.com"]

[Event "Titled Tuesday Blitz February 28 Early 2023"]
[White "Kovalevsky, Stanislav"]
[Black "Lagno, Kateryna"]
[WhiteFideId "13508598"]
[BlackFideId "14109336"]
[WhiteElo "2220"]
[BlackElo "2508"]
[Result "0-1"]
[Round "04"]
[TimeControl "180+2"]
[Date "2023.02.28"]
[WhiteClock "0:00:06"]
[BlackClock "0:00:41"]

1. c4 Nf6 2. Nc3 g6 3. g3 Bg7 4. Bg2 O-O 5. e4 e5 6. Nge2 d6 7. d3 c6 8. b4 Na6 9. a3 Nc7 10. b5 cxb5 11. cxb5 a6 12. b6 Nb5 13. Be3 Ng4 14. Nd5 Nxe3 15. fxe3 Be6 16. a4 Bxd5 17. exd5 e4 18. d4 Qg5 19. Qd2 Qxd5 20. axb5 axb5 21. O-O Qc6 22. Nc3 d5 23. Qb2 Bh6 24. Kf2 Rxa1 25. Rxa1 Rc8 26. Rc1 Qf6+ 27. Ke2 Qg5 28. Nd1 Ra8 29. Qxb5 Ra2+ 30. Kf1 Qf5+ 31. Kg1 Bxe3+ 32. Nxe3 Qf2+ 33. Kh1 Qxe3 34. Qe8+ Kg7 35. Qe5+ Kh6 36. Qf4+ Qxf4 37. gxf4 Rb2 38. h3 Rxb6 39. Rc5 Rb1+ 40. Kh2 e3 41. Bf3 e2 42. Bxe2 Rb2 43. Rxd5 Rxe2+ 44. Kg3 Re3+ 45. Kg4 f5+ 46. Kh4 Rf3 47. Rd7 Rxf4+ 48. Kg3 Re4 49. Kf3 b5 50. d5 b4 51. d6 b3 52. Rb7 Rd4 53. Rb6 b2 54. Ke3 Rxd6 55. Rxb2 Kg5 56. Kf3 Kh4 57. Rb1 Rd3+ 58. Kf4 Rxh3 59. Rb7 h5 60. Rg7 Rg3 61. Rh7 Rg4+ 62. Kf3 Kg5 63. Rh8 Ra4 64. Kg3 Ra3+ 65. Kg2 h4 66. Rc8 Kg4 67. Rc6 g5 68. Rc3 Rxc3 0-1


[Site "https://www.chess.com"]

[Event "Titled Tuesday Blitz February 28 Early 2023"]
[White "Albertini, Luca"]
[Black "Orozbaev, Eldiar"]
[WhiteFideId "847038"]
[BlackFideId "13802240"]
[WhiteElo "2197"]
[BlackElo "2201"]
[Result "0-1"]
[Round "04"]
[TimeControl "180+2"]
[Date "2023.02.28"]
[WhiteClock "0:00:10"]
[BlackClock "0:00:44"]

1. d4 Nf6 2. c4 e6 3. Nc3 d5 4. e3 Be7 5. cxd5 exd5 6. Nf3 c6 7. Bd3 O-O 8. O-O Re8 9. a3 Nbd7 10. b4 Nf8 11. b5 Bg4 12. h3 Bxf3 13. Qxf3 Ng6 14. bxc6 bxc6 15. Bxg6 hxg6 16. Bd2 Bd6 17. Rfc1 g5 18. Ne2 Qd7 19. Ng3 Bxg3 20. fxg3 Re4 21. g4 Rae8 22. Rab1 Qd6 23. Rb3 R4e6 24. Rcb1 Ne4 25. Be1 c5 26. dxc5 Nxc5 27. Rb5 Rxe3 28. Qf1 Nd3 29. Bd2 Re2 30. Rb7 Nf2 31. Be1 Nxh3+ 32. Kh1 Nf4 33. Bg3 Qh6+ 34. Bh2 Rxg2 35. Qxf4 gxf4 36. Kxg2 Re2+ 37. Kf3 Qxh2 38. Rb8+ Kh7 39. g5 Qg2+ 40. Kxf4 Re4+ 41. Kf5 Qg4# 0-1


[Site "https://www.chess.com"]

[Event "Titled Tuesday Blitz February 28 Early 2023"]
[White "Pakleza, Zbigniew"]
[Black "Zia, Tahsin Tajwar"]
[WhiteFideId "1119290"]
[BlackFideId "10211888"]
[WhiteElo "2410"]
[BlackElo "2061"]
[Result "1-0"]
[Round "04"]
[TimeControl "180+2"]
[Date "2023.02.28"]
[WhiteClock "0:00:15"]
[BlackClock "0:00:07"]

1. Nf3 d5 2. c4 e6 3. g3 Nf6 4. Bg2 dxc4 5. Qa4+ Bd7 6. Qxc4 c5 7. Ne5 Qc8 8. O-O Nc6 9. Nxd7 Qxd7 10. Nc3 Be7 11. Qa4 Rc8 12. Bxc6 Qxc6 13. Qxa7 O-O 14. Qa4 Qxa4 15. Nxa4 b5 16. Nc3 b4 17. Na4 Ra8 18. Nb6 Ra6 19. Nc4 Rfa8 20. a3 Nd5 21. d3 Bf6 22. Be3 Bd4 23. Rfc1 h6 24. Kf1 Kh7 25. Bd2 g5 26. Rab1 b3 27. e3 Bf6 28. Ke2 Kg7 29. e4 Nc7 30. Be3 Bd4 31. Bxd4+ cxd4 32. Nd2 Ne8 33. Nxb3 e5 34. Nd2 Rb6 35. Nc4 Rb5 36. b4 Ra6 37. Ra1 Nd6 38. Nxd6 Rxd6 39. Rc5 Rxc5 40. bxc5 Rc6 41. Rc1 Kf6 42. Rc4 Ke7 43. Kd2 Kd7 44. Kc2 Ra6 45. c6+ Rxc6 46. Rxc6 Kxc6 47. Kb3 Kc5 48. g4 f6 49. a4 Kb6 50. Kb4 Kc6 51. a5 Kb7 52. Kb5 Ka7 53. a6 Ka8 54. Kb6 Kb8 55. a7+ Ka8 56. Ka6 h5 57. gxh5 g4 58. h6 g3 59. hxg3 f5 60. h7 f4 61. h8=Q# 1-0


[Site "https://www.chess.com"]

[Event "Titled Tuesday Blitz February 28 Early 2023"]
[White "Hajiyev, Kanan"]
[Black "Peng, Li Min"]
[WhiteFideId "13404148"]
[BlackFideId "14112620"]
[WhiteElo "2103"]
[BlackElo "2436"]
[Result "0-1"]
[Round "04"]
[TimeControl "180+2"]
[Date "2023.02.28"]
[WhiteClock "0:00:09"]
[BlackClock "0:00:09"]

1. d4 Nc6 2. Nf3 d6 3. g3 Nf6 4. Bg2 g6 5. O-O Bg7 6. b3 O-O 7. Bb2 Ne4 8. c4 e5 9. e3 exd4 10. Nxd4 Re8 11. Nxc6 bxc6 12. Bxg7 Kxg7 13. Qd4+ Qf6 14. Rd1 c5 15. Qxf6+ Kxf6 16. Nd2 Bb7 17. Rac1 Rab8 18. h4 Nxd2 19. Rxd2 Bxg2 20. Kxg2 a5 21. h5 a4 22. hxg6 hxg6 23. Rb1 Rb4 24. Kf3 Reb8 25. Rdb2 Ke5 26. Ke2 g5 27. g4 f5 28. gxf5 Kxf5 29. f3 Rh8 30. Kf2 Rh2+ 31. Kg3 Rxb2 32. Rxb2 axb3 33. axb3 Rb8 34. Rb1 Rb6 35. Rb2 Rb8 36. Rb1 Ke5 37. Rb2 Kf6 38. Kg4 Re8 39. e4 Rh8 40. b4 Rb8 41. b5 Ra8 42. f4 gxf4 43. Kxf4 Ra4 44. Rc2 Ke6 45. Rc3 Ra1 46. Rh3 Rf1+ 47. Ke3 Rc1 48. Rh7 Rc3+ 49. Kf4 Rxc4 50. Rxc7 Rb4 51. Rb7 d5 52. Rb6+ Kd7 53. Ke5 dxe4 54. Kd5 e3 55. Rd6+ Kc7 56. Re6 Rxb5 57. Kc4 Rb1 58. Kxc5 Re1 59. Re7+ Kd8 60. Re4 e2 61. Rd4+ Ke7 62. Re4+ Kf6 63. Kc4 Rc1+ 64. Kd3 e1=Q 65. Rxe1 Rxe1 66. Kd2 Re5 67. Kd3 Kf5 68. Kd4 Re4+ 69. Kd5 Re6 70. Kd4 Re5 71. Kd3 Re4 72. Kc3 Ke5 73. Kd3 Kd5 74. Kc3 Re3+ 0-1


[Site "https://www.chess.com"]

[Event "Titled Tuesday Blitz February 28 Early 2023"]
[White "Bogaudinov, Rushan"]
[Black "Nur, Shahidee Bin Saharan"]
[WhiteFideId "4129288"]
[BlackFideId "5810973"]
[WhiteElo "2063"]
[BlackElo "2744"]
[Result "0-1"]
[Round "04"]
[TimeControl "180+2"]
[Date "2023.02.28"]
[WhiteClock "0:00:33"]
[BlackClock "0:01:21"]

1. e4 e5 2. Nc3 Bc5 3. g3 d6 4. Bg2 h5 5. h3 Nf6 6. Nf3 Be6 7. d3 Nc6 8. Na4 Bb6 9. Nxb6 axb6 10. a3 Qd7 11. Bg5 d5 12. Qe2 O-O-O 13. O-O-O b5 14. exd5 Bxd5 15. Nh4 Nd4 16. Qxe5 Bxg2 17. Nxg2 Qc6 18. c3 Rhe8 19. Bxf6 Rxe5 20. Bxe5 Nb3+ 21. Kc2 Qxg2 22. Rhf1 Nc5 23. Bxg7 Rxd3 24. Bd4 Qe4 25. Kc1 Nb3+ 26. Kc2 Rxd1+ 27. Kxd1 Qd3+ 0-1


[Site "https://www.chess.com"]

[Event "Titled Tuesday Blitz February 28 Early 2023"]
[White "Iskusnyh, Sergei"]
[Black "Devaev, Alexander"]
[WhiteFideId "4120027"]
[BlackFideId "4169395"]
[WhiteElo "2492"]
[BlackElo "2225"]
[Result "1-0"]
[Round "04"]
[TimeControl "180+2"]
[Date "2023.02.28"]
[WhiteClock "0:00:27"]
[BlackClock "0:00:17"]

1. d4 Nf6 2. c4 e6 3. g3 c5 4. Nf3 cxd4 5. Nxd4 Nc6 6. Bg2 Be7 7. O-O O-O 8. Nc3 Ne5 9. b3 d6 10. Bb2 a6 11. Rc1 Qc7 12. h3 Re8 13. e4 Rb8 14. Qe2 Bf8 15. f4 Ng6 16. Kh2 b6 17. Rce1 Bb7 18. e5 dxe5 19. fxe5 Nd7 20. Bxb7 Qxb7 21. Qh5 Bb4 22. Nf3 h6 23. Re2 Bxc3 24. Bxc3 b5 25. Bd2 bxc4 26. Bxh6 cxb3 27. axb3 Qb5 28. Ng5 gxh6 29. Nxf7 Ndf8 30. Nxh6+ Kg7 31. Rf7+ Kh8 32. Nf5+ Kg8 33. Rg7# 1-0


[Site "https://www.chess.com"]

[Event "Titled Tuesday Blitz February 28 Early 2023"]
[White "Javakhadze, Zurab"]
[Black "Pein, Jonathan"]
[WhiteFideId "13603647"]
[BlackFideId "417092"]
[WhiteElo "2381"]
[BlackElo "2151"]
[Result "1-0"]
[Round "04"]
[TimeControl "180+2"]
[Date "2023.02.28"]
[WhiteClock "0:00:03"]
[BlackClock "0:00:02"]

1. d4 d5 2. c4 Nc6 3. Nf3 Nf6 4. cxd5 Nxd5 5. e4 Nf6 6. d5 Nb8 7. Nc3 Bg4 8. Qb3 b6 9. Ne5 Bh5 10. Bb5+ Nfd7 11. Nc6 Nxc6 12. Bxc6 Rb8 13. Bf4 f6 14. Nb5 Rc8 15. Nxa7 g5 16. Bg3 Kf7 17. Nxc8 Qxc8 18. d6+ e6 19. dxc7 Nc5 20. Qb5 Bg6 21. Rd1 Be7 22. h4 gxh4 23. Rxh4 e5 24. Qxb6 Kg7 25. f4 f5 26. fxe5 fxe4 27. Rf4 Nd3+ 28. Rxd3 exd3 29. Rd4 Qf5 30. Rd7 Qg5 31. Bf4 Qxf4 32. Rxe7+ Kh6 33. Qc5 d2+ 34. Kd1 Bh5+ 35. Bf3 Bxf3+ 36. gxf3 Qxf3+ 37. Kxd2 Qg2+ 38. Kc3 Qf3+ 39. Kb4 Rg8 40. Re6+ Kh5 41. Rf6 Rg4+ 42. Ka5 Qa8+ 43. Kb6 Ra4 44. e6+ Kh4 45. Rf4+ Rxf4 46. c8=Q 1-0


[Site "https://www.chess.com"]

[Event "Titled Tuesday Blitz February 28 Early 2023"]
[White "Comas Fabrego, Lluis"]
[Black "Pourkashiyan, Atousa"]
[WhiteFideId "2200325"]
[BlackFideId "12502014"]
[WhiteElo "2523"]
[BlackElo "2228"]
[Result "1-0"]
[Round "04"]
[TimeControl "180+2"]
[Date "2023.02.28"]
[WhiteClock "0:00:04"]
[BlackClock "0:00:07"]

1. e4 c5 2. Nc3 e6 3. Nf3 a6 4. g3 b5 5. Bg2 Bb7 6. d3 Nc6 7. O-O b4 8. Na4 Nf6 9. e5 Nd5 10. c4 bxc3 11. bxc3 Be7 12. Rb1 Rb8 13. c4 Nc7 14. Be3 Nd4 15. Nxd4 Bxg2 16. Kxg2 cxd4 17. Bxd4 Rxb1 18. Qxb1 Qa8+ 19. f3 O-O 20. Qb6 Rc8 21. Rb1 a5 22. Qb7 Kf8 23. Qxa8 Rxa8 24. Rb7 Na6 25. Nb6 Rd8 26. Bc3 Nc5 27. Ra7 a4 28. Ba5 Ke8 29. d4 Nd3 30. Nxa4 f6 31. Bxd8 Bxd8 32. f4 g5 33. Kf3 gxf4 34. gxf4 Ne1+ 35. Ke4 f5+ 36. Ke3 Nc2+ 37. Kd3 Ne1+ 38. Kc3 Ng2 39. Nc5 Nxf4 40. Rxd7 Be7 41. Rb7 Ne2+ 42. Kd3 Nc1+ 43. Kc2 Ne2 44. Rb8+ Kf7 45. Rb7 Nxd4+ 46. Kd3 Nc6 47. Rc7 Nxe5+ 48. Kc3 Nf3 49. a4 f4 50. a5 Ng1 51. a6 Ne2+ 52. Kd3 f3 53. Ke3 Nd4 54. Ne4 f2 55. Nxf2 Ke8 56. Kxd4 Bd6 57. Rxh7 Bxh2 58. Rxh2 Kd7 59. a7 Kc6 60. a8=Q+ Kb6 61. Qc8 Ka7 62. Ne4 Kb6 63. Rb2+ Ka7 64. Qb7# 1-0


[Site "https://www.chess.com"]

[Event "Titled Tuesday Blitz February 28 Early 2023"]
[White "Fan_Of_Chucky"]
[Black "Aydincelebi, Kagan"]
[BlackFideId "6361102"]
[WhiteElo "2412"]
[BlackElo "2180"]
[Result "0-1"]
[Round "04"]
[TimeControl "180+2"]
[Date "2023.02.28"]
[WhiteClock "0:00:01"]
[BlackClock "0:01:53"]

1. d4 Nf6 2. c4 e6 3. Nf3 c5 4. d5 exd5 5. cxd5 d6 6. Nc3 g6 7. Bf4 a6 8. e4 Bg4 9. e5 dxe5 10. Bxe5 Nbd7 11. Bf4 Qe7+ 12. Be2 Bg7 13. O-O O-O 14. Re1 Rfe8 15. d6 Qf8 16. h3 Bf5 17. a4 Rad8 18. Bc4 h6 19. Nd5 Nxd5 20. Bxd5 Rxe1+ 21. Qxe1 Bxb2 22. Ra2 Bg7 23. Bxb7 c4 24. Bxa6 c3 25. Bb5 Nc5 26. Be5 c2 27. Rxc2 Bxc2 28. Bxg7 Qxg7 0-1


[Site "https://www.chess.com"]

[Event "Titled Tuesday Blitz February 28 Early 2023"]
[White "Nur-Mukhametova, Alisa"]
[Black "Nazari, Arad"]
[WhiteFideId "54117739"]
[BlackFideId "12577324"]
[WhiteElo "2007"]
[BlackElo "2242"]
[Result "0-1"]
[Round "04"]
[TimeControl "180+2"]
[Date "2023.02.28"]
[WhiteClock "0:00:09"]
[BlackClock "0:01:17"]

1. Nf3 c5 2. e4 d6 3. Bb5+ Nd7 4. d4 cxd4 5. Qxd4 a6 6. Bxd7+ Qxd7 7. Nc3 e5 8. Qd3 Qc6 9. O-O Be6 10. Rd1 h6 11. Nd5 Rc8 12. c3 Bxd5 13. exd5 Qc4 14. Qxc4 Rxc4 15. Nd2 Rc7 16. c4 f5 17. b3 Be7 18. a4 Nf6 19. Ba3 Kd7 20. Rac1 Rb8 21. Nb1 b5 22. axb5 axb5 23. c5 dxc5 24. d6 Bxd6 25. Rxc5 Rxc5 26. Bxc5 Ne4 27. b4 Ke6 28. Bxd6 Nxd6 29. Nc3 Rc8 30. Ne2 Rc4 31. Rb1 g5 32. Kf1 Ne4 33. Ke1 Rc2 34. Ra1 Rb2 35. f3 Nd6 36. Ra6 Rxb4 37. Nc3 Rb3 38. Ne2 f4 39. Kd2 Rb2+ 40. Kd3 b4 41. Rb6 Kd5 42. Nc1 Rxg2 43. Rxb4 Rxh2 44. Ra4 h5 45. Ra5+ Ke6 46. Nb3 h4 47. Nc5+ Ke7 48. Ne4 Nxe4 49. Kxe4 Re2+ 50. Kf5 h3 51. Ra7+ Kd6 52. Rh7 h2 53. Kxg5 Kd5 54. Kf5 Kd4 55. Rh3 Rf2 56. Kg4 Ke3 57. Rh4 Rg2+ 58. Kf5 Kxf3 59. Rh3+ Ke2 60. Kxe5 f3 61. Ke4 f2 62. Re3+ 0-1


[Site "https://www.chess.com"]

[Event "Titled Tuesday Blitz February 28 Early 2023"]
[White "Shuvalova, Polina"]
[Black "Bennett, Patrick"]
[WhiteFideId "24171760"]
[BlackFideId "1801228"]
[WhiteElo "2330"]
[BlackElo "2405"]
[Result "0-1"]
[Round "04"]
[TimeControl "180+2"]
[Date "2023.02.28"]
[WhiteClock "0:00:06"]
[BlackClock "0:00:22"]

1. e4 c5 2. Nf3 d6 3. d4 cxd4 4. Nxd4 Nf6 5. Nc3 Nc6 6. f3 Bd7 7. Be3 a6 8. Qd2 h5 9. h4 b5 10. O-O-O b4 11. Nd5 Nxd5 12. exd5 Ne5 13. f4 Ng4 14. Bg1 g6 15. Re1 Bg7 16. Bd3 O-O 17. f5 Bh6 18. Be3 Nxe3 19. Rxe3 Qb6 20. Be4 Rac8 21. fxg6 Rc4 22. gxf7+ Kh8 23. c3 bxc3 24. bxc3 Qa5 25. Rhh3 Rxc3+ 26. Rxc3 Bxd2+ 27. Kxd2 Rxf7 28. Nb3 Qxa2+ 29. Bc2 Bxh3 30. Rxh3 Rf2+ 0-1


[Site "https://www.chess.com"]

[Event "Titled Tuesday Blitz February 28 Early 2023"]
[White "Dehtiarov, Roman"]
[Black "Hoffmann, Asa"]
[WhiteFideId "14186640"]
[BlackFideId "2001470"]
[WhiteElo "2162"]
[BlackElo "2117"]
[Result "1-0"]
[Round "04"]
[TimeControl "180+2"]
[Date "2023.02.28"]
[WhiteClock "0:02:23"]
[BlackClock "0:00:52"]

1. e4 d6 2. d4 Nf6 3. Nc3 c6 4. f4 Qa5 5. Bd2 e5 6. dxe5 dxe5 7. Nf3 Nbd7 8. Bc4 Bb4 9. Qe2 O-O 10. O-O exf4 11. a3 Bc5+ 12. Kh1 Qc7 13. e5 Ng4 14. Bxf4 Nb6 15. h3 Nh6 16. Bxh6 gxh6 17. Ne4 Be7 18. Bd3 Nd5 19. Qd2 Bf5 20. Qxh6 Bg6 21. c4 Nb6 22. Nf6+ 1-0


[Site "https://www.chess.com"]

[Event "Titled Tuesday Blitz February 28 Early 2023"]
[White "Tarasova, Viktoriya"]
[Black "Rosen, Eric"]
[WhiteFideId "4175840"]
[BlackFideId "2032562"]
[WhiteElo "2182"]
[BlackElo "2359"]
[Result "0-1"]
[Round "04"]
[TimeControl "180+2"]
[Date "2023.02.28"]
[WhiteClock "0:00:07"]
[BlackClock "0:00:03"]

1. d4 d5 2. c4 e6 3. Nc3 Nf6 4. cxd5 exd5 5. Bg5 c6 6. Qc2 Na6 7. a3 Nc7 8. e3 Bd6 9. Bd3 h6 10. Bh4 O-O 11. Nge2 Re8 12. Bg3 a5 13. O-O Ne6 14. Bxd6 Qxd6 15. Ng3 g6 16. Rae1 Kg7 17. f3 h5 18. Qf2 b5 19. Nce2 h4 20. Nh1 Ng5 21. Bb1 h3 22. g3 Ra7 23. Nf4 c5 24. Nd3 cxd4 25. exd4 Rae7 26. Rxe7 Rxe7 27. Ne5 Qb6 28. Rd1 Rxe5 29. dxe5 Nxf3+ 30. Kf1 Qxf2+ 31. Kxf2 Nxe5 32. Kg1 Nfg4 33. Rc1 Ba6 34. Kf1 b4+ 35. Ke1 Nf3+ 36. Kd1 Ne3# 0-1


[Site "https://www.chess.com"]